 Dungeon Crawl Stone Soup version 0.29-a0-356-g7bc237e783 (webtiles) character file.

Game seed: 1531269158984693982

122 Ijustatesigmund the Conjurer (level 4, -5/24 HPs)
             Began as a Deep Elf Conjurer on Apr 26, 2022.
             Slain by a black bear (7 damage)
             ... on level 4 of the Dungeon.
             The game lasted 00:05:01 (3987 turns).

Ijustatesigmund the Conjurer (Deep Elf Conjurer)    Turns: 3987, Time: 00:05:01

Health: -5/24      AC:  4    Str:  4    XL:     4   Next: 78%
Magic:  1/13       EV: 12    Int: 25    God:
Gold:   129        SH:  0    Dex: 13    Spells: 8/13 levels left

rFire   . . .      SeeInvis .   g - +0 short sword
rCold   . . .      Faith    .   (no shield)
rNeg    . . .      Spirit   .   a - +0 robe
rPois   .          Reflect  .   c - +0 helmet
rElec   .          Harm     .   q - +0 cloak
rCorr   .          Rampage  .   (no gloves)
Will    .....                   (no boots)
Stlth   ++........              (no amulet)
HPRegen 0.08/turn               (no ring)
MPRegen 0.13/turn               (no ring)

@: attractive, flying
A: no striking features
a: no special abilities


You were on level 4 of the Dungeon.
You visited 1 branch of the dungeon, and saw 4 of its levels.

You collected 129 gold pieces.

Inventory:

Hand Weapons
 g - a +0 short sword (weapon)
Armour
 a - a +0 robe (worn)
 c - a +0 helmet (worn)
 q - a +0 cloak (worn)
Jewellery
 h - the amulet "Suveawk" {Reflect Dex+3 SH+5}
   (You found it on level 2 of the Dungeon)

   [amulet of reflection]

   It reflects blocked missile attacks.
   Dex:       It affects your dexterity (+3).
   SH:        It affects your SH (+5).
 l - a ring of magical power
Scrolls
 d - 2 scrolls of identify {unknown}
 i - 4 scrolls of immolation {unknown}
 j - 3 scrolls of teleportation {unknown}
 k - a scroll of blinking {unknown}
 m - a scroll of enchant weapon {unknown}
 o - a scroll of magic mapping {unknown}
Potions
 b - a potion of magic
 e - 2 potions of attraction
 n - a potion of degeneration {unknown}
 p - a potion of might {unknown}


   Skills:
 - Level 2.4 Dodging
 - Level 2.4 Stealth
 + Level 5.1 Spellcasting
 + Level 5.6 Conjurations
 + Level 1.0 Translocations


You had 8 spell levels left.
You knew the following spells:

 Your Spells              Type           Power      Damage    Failure   Level
a - Magic Dart            Conj           100%       1d8       1%          1
b - Searing Ray           Conj           68%        2d6       1%          2
c - Blink                 Tloc           22%        N/A       9%          2

Your spell library contained the following spells:

 Spells                   Type           Power      Damage    Failure   Level
 Dazzling Flash           Conj/Hex       40%        N/A       8%          3
 Lesser Beckoning         Tloc           11%        N/A       16%         3
 Iskenderun's Mystic Bla  Conj/Tloc      23%        2d6       21%         4
 Iskenderun's Battlesphe  Conj           34%        2d9       22%         5
 Summon Guardian Golem    Hex/Summ       6%         N/A       24%         3
 Fulminant Prism          Conj/Hex       10%        3d9       26%         4
 Summon Ice Beast         Ice/Summ       6%         N/A       63%         4
 Manifold Assault         Tloc           11%        N/A       83%         5
 Summon Mana Viper        Hex/Summ       6%         N/A       92%         5
 Iron Shot                Conj/Erth      10%        9d3       98%         6
 Monstrous Menagerie      Summ           3%         N/A       100%        7
 Orb of Destruction       Conj           17%        9d7       100%        7
 Spellforged Servitor     Conj/Summ      10%        N/A       100%        7


Dungeon Overview and Level Annotations

Branches:
Dungeon (4/15)
 Temple: D:4-7

Altars:
Trog

Shops:
D:1 [


Message History

Press: ? - help, Shift-Dir - straight line, f/p - black bear
Aim: a black bear (moderately wounded, 100% to hit)
The magic dart hits the black bear.
The black bear is moderately wounded.
The black bear misses you. The black bear barely misses you.
The black bear claws you but does no damage.
Casting: Magic Dart (safe; 1% risk of failure)
Confirm with . or Enter, or press ? or * to list all spells.
Aiming: Magic Dart (safe; 1% risk of failure)
Press: ? - help, Shift-Dir - straight line, f/p - black bear
Aim: a black bear (moderately wounded, 100% to hit)
The magic dart hits the black bear.
The black bear is heavily wounded.
The black bear completely misses you. The black bear claws you.
The black bear barely misses you.
Casting: Magic Dart (safe; 1% risk of failure)
Confirm with . or Enter, or press ? or * to list all spells.
Aiming: Magic Dart (safe; 1% risk of failure)
Press: ? - help, Shift-Dir - straight line, f/p - black bear
Aim: a black bear (heavily wounded, 100% to hit)
The magic dart hits the black bear.
The black bear is severely wounded.
The black bear bites you!
* * * LOW HITPOINT WARNING * * *
The black bear misses you. The black bear claws you.
* * * LOW HITPOINT WARNING * * *
Okay, then.
It was a potion of attraction.
You feel attractive to monsters.
The black bear bites you but does no damage.
The black bear claws you.
* * * LOW HITPOINT WARNING * * *
The black bear barely misses you.
Casting: Magic Dart (safe; 1% risk of failure)
Confirm with . or Enter, or press ? or * to list all spells.
You don't have enough magic to cast this spell.
It was a potion of flight.
You feel very buoyant.
You fly up into the air.
The black bear bites you!
You die...

....#.. .....
...#. ... ...
..#####.#
[)......######
#h@!.$..#
##<##....# #.#
... #.. # #..#
..!. #####


You could see a black bear.

Vanquished Creatures
  4 adders
  4 worms
  3 dart slugs
  5 endoplasms
  A giant cockroach (D:2)
  7 goblins
  8 hobgoblins
  4 jackals (D:1)
  A quokka (D:3)
  7 ball pythons
  4 bats
  2 frilled lizards
  9 kobolds
  8 rats
67 creatures vanquished.

Vanquished Creatures (others)
  7 fungi (D:1)
  5 plants (D:1)
12 creatures vanquished.

Grand Total: 79 creatures vanquished

Notes
Turn   | Place    | Note
-------+----------+-------------------------------------------
     0 | D:1      | Ijustatesigmund the Deep Elf Conjurer began the quest for
                  | the Orb.
     0 | D:1      | Reached XP level 1. HP: 10/10 MP: 6/6
   187 | D:1      | Reached XP level 2. HP: 15/15 MP: 3/8
   190 | D:1      | Learned a level 2 spell: Searing Ray
   295 | D:1      | Found Pihy's Antique Armour Shop.
   477 | D:1      | Found a faded altar of an unknown god.
  1166 | D:1      | Reached skill level 5 in Conjurations
  1166 | D:1      | Reached XP level 3. HP: 19/19 MP: 8/10
  1308 | D:2      | Identified the amulet "Suveawk" {Reflect Dex+3 SH+5}
  2294 | D:3      | Reached XP level 4. HP: 24/24 MP: 8/12
  2606 | D:3      | Learned a level 2 spell: Blink
  3226 | D:3      | Noticed a moth of wrath
  3230 | D:3      | Found a bloodstained altar of Trog.
  3249 | D:3      | Reached skill level 5 in Spellcasting
  3974 | D:4      | Noticed a black bear
  3980 | D:4      | Reached skill level 1 in Translocations
  3987 | D:4      | Slain by a black bear

Illustrated notes

Levels and vault maps discovered:
D:1:      dpeg_arrival_round_b, layout_loops_ring,
          dreamdust_ecumenical_altar_grove, serial_shops,
          nicolae_shop_hallway_plus
D:2:      layout_loops_ring, minmay_misc_feat_hallway
D:3:      kennysheep_big_flooded_room, layout_loops_corners, tgw_trog,
          st_stairs_1
D:4:      minmay_octagon_keep, layout_rooms, yredelemnul_altar_generic,
          minmay_temple_entry_drinking_statues

Skill      XL: |  1  2  3  4 |
---------------+-------------+-----
Spellcasting   | 4 5 |  5.1
Conjurations   | 5 |  5.6
Translocations | 1 |  1.0
Dodging        | |  2.4
Stealth        | |  2.4

Action                   |  1- 3 |  4- 6 || total
-------------------------+-------+-------++-------
 Cast: Magic Dart        |    89 |    51 ||   140
       Searing Ray       |       |     2 ||     2
  Use: Potion            |       |     2 ||     2
Armor: Robe              |       |     5 ||     5
Dodge: Dodged            |     2 |    12 ||    14

Table legend: (Time is in decaauts)
 A = Elapsed time spent in this place.
 B = Non-inter-level travel time spent in this place.
 C = Inter-level travel time spent in this place.
 D = Time resting spent in this place.
 E = Time spent auto-exploring this place.
 F = Levels seen in this place.
 G = Mean time per level.
                   A        B        C        D        E       F      G
               +--------+--------+--------+--------+--------+-----+--------+
         Total |   3985 |   3894 |     91 |    632 |   2895 |   4 |  996.2 |
       Dungeon |   3985 |   3894 |     91 |    632 |   2895 |   4 |  996.2 |
               +--------+--------+--------+--------+--------+-----+--------+

Top non-repeatable levels by time:
     D:3: 1683 daAuts
     D:1: 1281 daAuts
     D:2: 1003 daAuts
     D:4: 16 daAuts
